 Dungeon Crawl Stone Soup version 0.31-a0-1074-g0b22e4e0f1 (webtiles) character file.

Game seed: 5858781644791608239

697 Pooter the Chopper (level 7, 0/61 HPs)
             Began as a Minotaur Berserker on Dec 1, 2023.
             Was a Believer of Trog.
             Slain by a gnoll
             ... wielding a +0 spear
              (5 damage)
             ... on level 5 of the Dungeon.
             The game lasted 00:16:06 (4203 turns).

Pooter the Chopper (Minotaur Berserker)             Turns: 4203, Time: 00:16:08

Health: 0/61       AC: 15    Str: 23    XL:     7   Next: 37%
Magic:  6/6        EV: 10    Int:  4    God:    Trog [**....]
Gold:   197        SH:  7    Dex: 10    Spells: 6/6 levels left

rFire   . . .        a - +0 war axe
rCold   . . .        s - +0 kite shield
rNeg    . . .        p - +2 plate armour
rPois   .            (helmet restricted)
rElec   .            (no cloak)
rCorr   +            u - +1 pair of gloves
SInv    .            (no boots)
Will    ++...        (no amulet) Stlth
                     c - +5 ring of evasion
HPRegen 1.30/turn    C - ring of resist corrosion
MPRegen 0.10/turn

%: no passive effects
@: lethally poisoned (0 -> -3), strong-willed, on berserk cooldown,
regenerating, slowed, very slow
A: horns 2, retaliatory headbutt
a: Renounce Religion, Berserk, Trog's Hand


You were on level 5 of the Dungeon.
You worshipped Trog.
Trog was pleased with you.
You visited 1 branch of the dungeon, and saw 5 of its levels.

You collected 197 gold pieces.

Inventory:

Hand Weapons
 a - a +0 war axe (weapon)
   (You found it on level 4 of the Dungeon)
 b - a +0 sling
   (You found it on level 1 of the Dungeon)
 f - a +0 heavy spear
   (You took it off a gnoll sergeant on level 5 of the Dungeon)
Missiles
 k - 5 poisoned darts (quivered)
 l - 7 boomerangs
 Q - 38 stones
Armour
 p - a +2 plate armour (worn)
   (You found it on level 3 of the Dungeon)
 s - a +0 kite shield (worn)
   (You took it off a gnoll sergeant on level 5 of the Dungeon)
 u - a +1 pair of gloves (worn)
   (You found it on level 5 of the Dungeon)
Jewellery
 c - a +5 ring of evasion (left hand)
   (You found it on level 1 of the Dungeon)
 m - a +5 ring of evasion
   (You found it on level 4 of the Dungeon)
 o - a ring of fire
   (You found it on level 3 of the Dungeon)
 C - a ring of resist corrosion (right hand)
   (You found it on level 4 of the Dungeon)
Scrolls
 j - a scroll of vulnerability {!r}
 q - a scroll of blinking
 r - a scroll of revelation
 t - 3 scrolls of teleportation {@r4}
Potions
 d - 2 potions of curing {@q1}
 e - a potion of degeneration {unknown}
 g - a potion of haste {unknown}
 n - 2 potions of ambrosia


   Skills:
 + Level 5.6 Fighting
 * Level 7.0 Axes
 * Level 5.1 Ranged Weapons
 - Level 2.4 Armour
 - Level 2.8 Dodging
 + Level 1.1 Shields


You had 6 spell levels left.
You didn't know any spells.
Your spell library was empty.

Dungeon Overview and Level Annotations

Branches:
Dungeon (5/15) Zot: 25681
 Temple: D:4-7

Altars:


Innate Abilities, Weirdness & Mutations

You have a pair of horns on your head.
You reflexively headbutt those who attack you in melee.


Message History

* * * LOW HITPOINT WARNING * * *
You closely miss something. Your headbutt misses something.
You block the gnoll's attack. You block something's attack.
The gnoll hits you but does no damage. The gnoll barely misses you.
The gnoll hits you but does no damage. Something hits you but does no damage.
You closely miss something. Your headbutt misses something.
The gnoll completely misses you. You block something's attack.
The gnoll hits you but does no damage.
The gnoll hits you from afar with a +0 spear.
The gnoll barely misses you.
You hear some strange, mumbled words.
A puff of flame appears from out of thin air!
The puff of flame hits you but does no damage.
You miss something.
The gnoll hits you from afar with a +0 halberd.
You block something's attack.
The gnoll hits you from afar with a +0 spear.
The gnoll hits you but does no damage. The gnoll closely misses you.
Something hits you but does no damage.
You are poisoned.
You hit something.
You feel very sick. The gnoll hits you but does no damage.
Something hits you but does no damage.
You are more poisoned.
You block the gnoll's attack.
The gnoll hits you from afar with a +0 spear.
* * * LOW HITPOINT WARNING * * *
The gnoll hits you but does no damage. Something completely misses you.
You barely miss something.
You feel very sick. The gnoll hits you but does no damage. Something hits you.
* * * LOW HITPOINT WARNING * * *
You are more poisoned.
The gnoll closely misses you. The gnoll barely misses you.
The gnoll hits you but does no damage.
You hear some strange, mumbled words.
Something tries to affect you, but you resist.
You closely miss something.
You feel extremely sick. You block the gnoll's attack.
You hear some strange, mumbled words.
A puff of flame appears from out of thin air!
The puff of flame hits you!
* * * LOW HITPOINT WARNING * * *
The gnoll closely misses you.
The gnoll hits you from afar with a +0 spear.
You die...

#####.[..########
#.....##))#.....# ####.
#.....###)......# .....
#.....####...[..# ....(.
#.....#.........# ....(.
#.....#.........##......
#.....#...##..###gg..$..
#.....#...###...#{g.....
#...............@)......
#.....#...##############
##.####...# ........###
........#####
............#
.#.###......# .#.#
#......# .#.#####.####


You could see 3 gnolls.

Vanquished Creatures
  An orc warrior (D:5)
  2 phantoms
  A scorpion (D:5)
  A gnoll sergeant (D:5)
  An orc priest (D:5)
  A gnoll bouda (D:4)
  An iguana (D:5)
  2 orc wizards (D:5)
  The ghost of bmb222 the Sneak, a weakling DsDe (D:3)
  6 gnolls
  3 adders
  2 worms
  2 dart slugs
  2 adder simulacra (D:3)
  15 orcs (D:5)
  9 ball pythons
  3 endoplasms
  4 giant cockroaches
  3 goblins
  4 hobgoblins
  5 kobolds
  3 quokkas
  A ball python simulacrum (D:3)
  7 bats
  2 frilled lizards (D:2)
  A jackal simulacrum (D:3)
  5 rats
88 creatures vanquished.

Notes
Turn   | Place    | Note
-------+----------+-------------------------------------------
     0 | D:1      | Pooter the Minotaur Berserker began the quest for the Orb.
     0 | D:1      | Reached XP level 1. HP: 19/19 MP: 0/0
   369 | D:1      | Reached XP level 2. HP: 27/27 MP: 1/1
   389 | D:1      | Reached skill level 4 in Axes
  1068 | D:2      | Reached XP level 3. HP: 33/33 MP: 2/2
  1112 | D:2      | Reached ** piety under Trog
  1129 | D:2      | Reached skill level 1 in Ranged Weapons
  1613 | D:3      | Found a runed translucent gate.
  1613 | D:3      | Found a runed translucent gate.
  1613 | D:3      | Found a runed translucent gate.
  1657 | D:3      | Noticed bmb222's ghost (weakling DsDe)
  2279 | D:3      | Killed bmb222's ghost
  2280 | D:3      | Reached XP level 4. HP: 40/40 MP: 3/3
  2734 | D:4      | Noticed a phantom
  2746 | D:4      | Killed a phantom
  2747 | D:4      | Reached skill level 5 in Axes
  2747 | D:4      | Reached XP level 5. HP: 47/47 MP: 4/4
  3555 | D:5      | Entered Level 5 of the Dungeon
  3584 | D:5      | Noticed a phantom
  3591 | D:5      | Killed a phantom
  3592 | D:5      | Reached XP level 6. HP: 55/55 MP: 5/5
  3607 | D:5      | Reached skill level 5 in Fighting
  3607 | D:5      | Reached skill level 6 in Axes
  3978 | D:5      | Reached XP level 7. HP: 61/61 MP: 6/6
  4192 | D:5      | Reached skill level 7 in Axes
  4192 | D:5      | Reached skill level 5 in Ranged Weapons
  4192 | D:5      | Reached skill level 1 in Shields
  4203 | D:5      | Slain by a gnoll

Illustrated notes

Levels and vault maps discovered:
D:1:      lightli_arrival_boilingwater, layout_loops_ring,
          serial_co_window_serial, co_window_corner_a,
          co_window_of_opportunity_a, co_window_of_opportunity_a,
          co_window_paths_a, co_window_paths_b, co_window_paths_a,
          co_window_corner_a, co_window_unsneaky_path_e,
          co_window_unsneaky_path_b, co_window_corner_cb,
          co_window_of_opportunity_c, co_window_broadway_a, co_window_paths_e,
          glass_columns_c, glass_columns_a, glass_columns_a, glass_columns_b,
          glass_columns_b, kennysheep_nondescript
D:2:      layout_basic, mrwooster_statue_mirror
D:3:      layout_loops_ring, gammafunk_ghost_icy
D:4:      layout_basic, serial_forest, infiniplex_forest_lined_1,
          infiniplex_forest_clump_small, infiniplex_forest_clump_cross,
          infiniplex_forest_lined_room_, infiniplex_forest_lined_2,
          infiniplex_forest_corner_2, infiniplex_forest_clump_tiny,
          hex_intersection
D:5:      layout_basic, minmay_temple_entry_purple_smoke, grunt_decor_junction,
          minmay_misc_feat_square

Skill      XL: |  1  2  3  4  5  6  7 |
---------------+----------------------+-----
Axes           | 4 5 6 7 |  7.0
Fighting       | 4 5 |  5.6
Ranged Weapons | 1 2 3 4 5 |  5.1
Shields        | 1 |  1.1
Armour         | |  2.4
Dodging        | |  2.8

Action                     |  1- 3 |  4- 6 |  7- 9 || total
---------------------------+-------+-------+-------++-------
  Melee: Hand axe          |    53 |     6 |       ||    59
         Headbutt          |    11 |    15 |     1 ||    27
         War axe           |       |    70 |    25 ||    95
         Punch             |       |     1 |       ||     1
   Fire: Sling             |    63 |    37 |     3 ||   103
  Throw: Dart              |       |       |     3 ||     3
 Invoke: Trog's Hand       |     2 |     2 |     2 ||     6
         Berserk           |     1 |     4 |     1 ||     6
    Use: Scroll            |     3 |     4 |     3 ||    10
         Potion            |       |       |     1 ||     1
   Stab: Sleeping          |     1 |       |       ||     1
 Armour: Animal skin       |    15 |       |       ||    15
         Chain mail        |    10 |       |       ||    10
         Ring mail         |     2 |       |       ||     2
         Plate armour      |       |    65 |    42 ||   107
  Dodge: Dodged            |    63 |    53 |    22 ||   138
  Block: Kite shield       |       |       |    11 ||    11

Table legend: (Time is in decaauts)
 A = Elapsed time spent in this place.
 B = Non-inter-level travel time spent in this place.
 C = Inter-level travel time spent in this place.
 D = Time resting spent in this place.
 E = Time spent auto-exploring this place.
 F = Levels seen in this place.
 G = Mean time per level.
                   A        B        C        D        E       F      G
               +--------+--------+--------+--------+--------+-----+--------+
         Total |   4317 |   4155 |    162 |    658 |   2697 |   5 |  863.4 |
       Dungeon |   4317 |   4155 |    162 |    658 |   2697 |   5 |  863.4 |
               +--------+--------+--------+--------+--------+-----+--------+

Top non-repeatable levels by time:
     D:4: 1179 daAuts
     D:1: 985 daAuts
     D:3: 852 daAuts
     D:5: 680 daAuts
     D:2: 619 daAuts
